 Dungeon Crawl Stone Soup version 0.31-a0-845-g9abc20d24f (webtiles) character file.

Game seed: 3544001589630804339

7352 BinkBink the Skirmisher (level 10, -1/84 (87) HPs)
             Began as a Minotaur Fighter on Oct 1, 2023.
             Was a Priest of Dithmenos.
             Slain by an ancient zyme (3 damage)
             ... while paralysed
             ... on level 2 of the Abyss.
             The game lasted 00:28:30 (8741 turns).

BinkBink the Skirmisher (Minotaur Fighter)          Turns: 8741, Time: 00:28:30

HP:   -1/84 (87)    AC: 11    Str: 20 (23) XL:     10   Next: 91%
MP:   7/7           EV:  2    Int: -2 (1)  God:    Dithmenos [***...]
Gold: 1547          SH:  0    Dex: 11 (12) Spells: 9/9 levels left

rFire   . . .        u - +2 triple crossbow (freeze)
rCold   . . .        (shield currently unavailable)
rNeg    . . .        a - +0 steam dragon scales
rPois   +            t - +1 hat
rElec   .            C - +0 cloak
rCorr   .            (no gloves)
SInv    .            R - +2 pair of boots {Fly}
Will    .....        x - amulet of faith
Stlth   +            q - +5 ring of evasion
HPRegen 0.00/turn    (no ring)
MPRegen 0.10/turn

%: faith
@: paralysed, sick, flying, slowed, lost intelligence, wreathed by umbra,
lightly drained, unable to read
A: horns 2, retaliatory headbutt, frail 1, passive freeze, poison resistance,
[dopey 2], [low MP 2], [subdued magic 2], [inability to read after injury 2]
a: Renounce Religion, Shadow Step


You were on level 2 of the Abyss.
You worshipped Dithmenos.
Dithmenos was most pleased with you.
You visited 2 branches of the dungeon, and saw 10 of its levels.
You visited the Abyss 1 time.
You also visited: Sewer and Bailey.

You collected 1787 gold pieces.
You spent 240 gold pieces at shops.

Inventory:

Hand Weapons
 k - a +5 war axe
 u - a +2 triple crossbow of freezing (weapon)
Missiles
 J - 2 throwing nets
Armour
 a - +0 steam dragon scales (worn)
 b - a +0 scale mail
 c - a +0 buckler
 t - a +1 hat (worn)
 C - a +0 cloak (worn)
 R - a +2 pair of boots of flying (worn)
Jewellery
 e - a ring of ice
 q - a +5 ring of evasion (left hand)
 s - a ring of wizardry
 x - an amulet of faith (around neck)
 E - a ring of positive energy
 M - a +6 ring of intelligence
 N - a ring of ice
 P - the ring of Ciab Aru {rPois rC+ Will- Dex+4}
   (You took it off an orc warrior in a bailey)

   [ring of protection from cold]

   Dex+4:     It affects your dexterity (+4).
   rC+:       It protects you from cold.
   rPois:     It protects you from poison Will-: It decreases your willpower.
Wands
 A - a wand of digging (1)
 H - a wand of polymorph (7)
 L - a wand of charming (14)
 S - a wand of mindburst (20)
Scrolls
 f - 4 scrolls of noise
 g - a scroll of immolation
 h - 2 scrolls of fear
 i - 2 scrolls of revelation
 j - 2 scrolls of silence
 p - 5 scrolls of vulnerability
 v - 3 scrolls of fog
 w - a scroll of poison
 D - a scroll of torment
Potions
 d - 2 potions of might
 l - a potion of brilliance
 m - 2 potions of mutation
 n - 2 potions of attraction
 o - 2 potions of degeneration
 r - a potion of resistance {unknown}
 B - 6 potions of heal wounds
 F - a potion of magic
 G - a potion of haste
 I - a potion of lignification
 K - 3 potions of enlightenment
 O - a potion of curing


   Skills:
 + Level 11.9 Fighting
 - Level 3.9 Axes
 * Level 14.0 Ranged Weapons
 - Level 4.8 Armour
 - Level 4.8 Shields


You had 9 spell levels left.
You didn't know any spells.
Your spell library contained the following spells:

 Spells                   Type           Power      Damage    Failure   Level
 Shock                    Conj/Air       0%         1d3       50%         1
 Swiftness                Air            0%         N/A       88%         3
 Airstrike                Air            0%         2d(0-16)  100%        4
 Passage of Golubria      Tloc           0%         N/A       100%        4
 Silence                  Hex/Air        0%         N/A       100%        5
 Lehudib's Crystal Spear  Conj/Erth      0%         10d2      100%        8


Dungeon Overview and Level Annotations

Branches:
Dungeon (9/15)             Temple (1/1) D:6           Sewer (visited)
 Bailey (visited)
   Lair: D:8-11         Orc: D:9-12

Altars:
Ashenzari
Cheibriados
Dithmenos
Elyvilon
Fedhas
Gozag
Hepliaklqana
Kikubaaqudgha
Makhleb
Nemelex Xobeh
Okawaru
Qazlal
Ru
Sif Muna
Trog
Uskayaw
Vehumet
Wu Jian
Yredelemnul
Zin
The Shining One

Shops:
D:2 *   D:4 :   D:7 *   D:8 !

Annotations:
D:4 Pikel
Temple 2 transporters


Innate Abilities, Weirdness & Mutations

You have a pair of horns on your head.
You reflexively headbutt those who attack you in melee.
You are frail. (-10% HP)
A frigid envelope surrounds you and freezes all who hurt you.
Your system is resistant to poisons. (rPois)
[You are very dopey. (Int -4)]
[Your magical capacity is very low. (-20% MP)]
[Your spells are easier to cast, but less powerful.]
[You sometimes lose the ability to read scrolls when taking damage.]


Message History

The tentacled starspawn is severely damaged.
The starspawn tentacle barely misses you.
The starspawn tentacle completely misses you.
You feel ill.
Okay, then.
As you read the scroll of fear, it crumbles to dust.
You assume a fearsome visage.
The balrug resists with almost no effort.
The wight is unaffected.
The ancient zyme is unaffected.
The starspawn tentacle segment is unaffected.
The starspawn tentacle is unaffected. x2; The large abomination is unaffected.
The tentacled starspawn is unaffected.
The starspawn tentacle segment is unaffected.
The starspawn tentacle barely misses you.
The starspawn tentacle misses you. You furiously retaliate!
You headbutt the starspawn tentacle!
You destroy the starspawn tentacle!
The wight hits you with a +4 falchion.
* * * LOW HITPOINT WARNING * * *
You feel drained.
The wight resists.
The wight is very cold.
The wight is lightly damaged.
You feel ill.
As you read the scroll of fog, it dissolves into smoke.
The balrug gestures at you. Something smites you!
* * * LOW HITPOINT WARNING * * *
The wight hits you with a +4 falchion.
* * * LOW HITPOINT WARNING * * *
You feel drained.
* * * LOW HITPOINT WARNING * * *
The wight resists.
The wight is very cold.
The wight is lightly damaged.
You feel ill.
A tentacle flies out from the starspawn's body!
It was a potion of degeneration.
There was something very wrong with that liquid.
You feel weakened.
You feel dopey.
You have lost your intelligence.
You feel clumsy.
The wight splashes around in the water.
The ancient zyme hits you.
You die...

.. ##~~.~~~# #
....~~~....
#.~~~~.##. ##
#~≈.~.. .....#
#.~~.≈. #.# #
#.≈X§§#####..# # .
#.≈§zx§§w≈#.#. # ###
#
#~~~§@wX≈≈≈≈.#.##...
#~.≈§§2≈≈≈#...# . #
##~.~~≈≈≈##
..#...###
###.######....#.#§#
## #.####..#. ...
#.#.#. .. ..# .#.#.#
# .##.#.. .... # #.


You could see a tentacled starspawn, a balrug, an ancient zyme, a large
abomination, a starspawn tentacle and a wight.

Vanquished Creatures
  A two-headed ogre (D:8)
  An orc knight (Bailey)
  2 hornets (D:8)
  Prince Ribbit (D:7)
  A raiju (Abyss:2)
  A small abomination (Abyss:2)
  A shadow (D:8)
  A ynoxinul (Abyss:2)
  2 steam dragons
  Menkaure (D:5)
  A water moccasin (D:9)
  11 orc warriors
  2 black bears
  An ice beast (D:6)
  A sky beast (D:7)
  3 ogres
  A centaur (D:6)
  3 phantoms (D:5)
  A kobold brigand (D:7)
  9 bullfrogs
  4 scorpions
  8 wights
  A water moccasin zombie (D:5)
  An electric eel (D:8)
  2 howler monkeys
  A bullfrog zombie (D:5)
  A centaur zombie (D:5)
  4 jellies
  3 hounds
  6 orc priests
  A centaur skeleton (D:5)
  3 sleepcaps
  6 orc wizards
  4 iguanas
  2 hound zombies (D:5)
  4 gnolls
  13 adders
  13 river rats
  2 white imps
  An ufetubus (D:7)
  2 dart slugs
  24 orcs
  10 bats
  6 endoplasms
  6 giant cockroaches
  8 goblins
  7 hobgoblins
  5 jackals
  20 kobolds
  3 quokkas (D:5)
  15 ball pythons
  4 frilled lizards
  16 rats
  A starspawn tentacle (Abyss:2)
252 creatures vanquished.

Vanquished Creatures (others)
  2 starspawn tentacles (Abyss:2)
2 creatures vanquished.

Grand Total: 254 creatures vanquished

Notes
Turn   | Place    | Note
-------+----------+-------------------------------------------
     0 | D:1      | BinkBink the Minotaur Fighter began the quest for the Orb.
     0 | D:1      | Reached XP level 1. HP: 19/19 MP: 0/0
   144 | D:1      | Found a faded altar of an unknown god.
   170 | D:1      | Reached XP level 2. HP: 27/27 MP: 1/1
   326 | D:1      | You fall into a shaft and drop 1 floor!
   326 | D:2      | Found Alauw's General Store.
   576 | D:2      | Reached XP level 3. HP: 33/33 MP: 2/2
  2009 | D:3      | Reached XP level 4. HP: 40/40 MP: 3/3
  2666 | D:4      | Found Pesi Kupn's Book Shoppe.
  2692 | D:4      | Reached skill level 1 in Ranged Weapons
  2695 | D:4      | Reached XP level 5. HP: 32/47 MP: 4/4
  3176 | D:4      | Reached skill level 2 in Ranged Weapons
  3373 | D:4      | Noticed a lemure
  3373 | D:4      | Noticed a lemure
  3373 | D:4      | Noticed a lemure
  3655 | D:4      | Noticed Pikel
  3668 | D:5      | Entered Level 5 of the Dungeon
  3668 | D:5      | Noticed an ogre
  3677 | D:5      | Killed an ogre
  3678 | D:5      | Reached skill level 5 in Fighting
  3678 | D:5      | Reached skill level 3 in Ranged Weapons
  3678 | D:5      | Reached XP level 6. HP: 12/56 MP: 5/5
  3717 | D:5      | Reached skill level 4 in Ranged Weapons
  3719 | D:5      | Gained mutation: A frigid envelope surrounds you and
                  | freezes all who hurt you. [potion of mutation]
  3719 | D:5      | Gained mutation: You are frail. (-10% HP) [potion of
                  | mutation]
  3719 | D:5      | Gained mutation: Your system is resistant to poisons.
                  | (rPois) [potion of mutation]
  3758 | D:5      | Reached XP level 7. HP: 30/55 MP: 6/6
  3796 | D:5      | Found an opulent altar of Gozag.
  3900 | D:5      | Reached skill level 5 in Ranged Weapons
  3906 | D:5      | Reached skill level 6 in Ranged Weapons
  4038 | D:5      | Found a glowing drain.
  4045 | Sewer    | Entered a sewer
  4067 | Sewer    | Reached XP level 8. HP: 57/63 MP: 7/7
  4199 | Sewer    | Reached skill level 7 in Ranged Weapons
  4640 | D:5      | Reached skill level 8 in Ranged Weapons
  4653 | D:5      | Found a glowing silver altar of Zin.
  4809 | D:5      | Noticed Menkaure
  4812 | D:5      | Killed Menkaure
  4886 | D:6      | Found a broken altar of Ashenzari.
  4886 | D:6      | Found a bloodstained altar of Trog.
  4950 | D:6      | Reached skill level 9 in Ranged Weapons
  4967 | D:6      | Found a staircase to the Ecumenical Temple.
  4976 | Temple   | Found a transporter.
  4976 | Temple   | Found a transporter.
  4976 | Temple   | Found a transporter.
  4976 | Temple   | Found a transporter.
  4976 | Temple   | Entered the Ecumenical Temple
  4994 | Temple   | Became a worshipper of Dithmenos the Shadowed
  5085 | D:6      | Reached XP level 9. HP: 9/73 MP: 8/8
  5532 | D:6      | Reached skill level 10 in Ranged Weapons
  6011 | D:6      | Identified a scroll of acquirement
  6011 | D:6      | Acquired 1253 gold pieces
  6298 | D:7      | Reached * piety under Dithmenos
  6502 | D:7      | Reached skill level 11 in Ranged Weapons
  6552 | D:7      | Found Womn's Assorted Antiques.
  6559 | D:7      | Noticed Prince Ribbit
  6588 | D:7      | Reached skill level 10 in Fighting
  6747 | D:7      | Bought a scroll of enchant weapon for 240 gold pieces
  6852 | D:7      | Reached ** piety under Dithmenos
  6856 | D:7      | Found a sparkling altar of Nemelex Xobeh.
  6871 | D:7      | Killed Prince Ribbit
  6872 | D:7      | Reached XP level 10. HP: 84/84 MP: 9/9
  6982 | D:8      | Reached skill level 12 in Ranged Weapons
  7066 | D:8      | Found a flagged portal.
  7075 | Bailey   | Entered a bailey
  7081 | Bailey   | Noticed an orc knight
  7112 | Bailey   | Identified the ring of Ciab Aru {rPois rC+ Will- Dex+4}
  7183 | Bailey   | Killed an orc knight
  7273 | Bailey   | Identified the +0 scale mail "Jeoguar" {Fly rC+++ Int-5
                  | Dex-2}
  7280 | Bailey   | Reached *** piety under Dithmenos
  7285 | Bailey   | Reached skill level 13 in Ranged Weapons
  7511 | D:8      | Found a burning altar of Makhleb.
  7511 | D:8      | Noticed a blizzard demon
  7859 | D:8      | Found Agruc's Distillery.
  7988 | D:8      | Noticed a two-headed ogre
  7991 | D:8      | Killed a two-headed ogre
  8397 | D:9      | Noticed a wizard
  8401 | Abyss:2  | Cast into level 2 of the Abyss (a wizard)
  8424 | Abyss:2  | Found a corrupted altar of Lugonu.
  8455 | Abyss:2  | Noticed a spatial maelstrom
  8464 | Abyss:2  | Found a corrupted altar of Lugonu.
  8475 | Abyss:2  | Found a corrupted altar of Lugonu.
  8523 | Abyss:2  | Reached skill level 14 in Ranged Weapons
  8551 | Abyss:2  | Noticed a wretched star
  8575 | Abyss:2  | Found a corrupted altar of Lugonu.
  8641 | Abyss:2  | Noticed a starcursed mass
  8690 | Abyss:2  | Noticed a balrug
  8716 | Abyss:2  | Noticed a tentacled starspawn
  8740 | Abyss:2  | HP: 3/85 [wight/+4 falchion (4)]
  8741 | Abyss:2  | Lost intelligence.
  8741 | Abyss:2  | Slain by an ancient zyme

Illustrated notes

Levels and vault maps discovered:
D:1:      dpeg_arrival_water_temple_mockup, layout_basic,
          hellmonk_ecumenical_altar_arch_garden, minmay_distorted
D:2:      minmay_wonky_spiral, layout_loops_corners, serial_shops, shop
D:3:      kennysheep_six_static_rooms, layout_basic, st_stairs_9, minmay_between
D:4:      layout_loops_corners, serial_shops, shop, uniq_pikel
D:5:      layout_basic, pdpol_temple_overflow_zin_treasury_gozag_greed,
          gup_sewer_entry_bubbles, serial_undead, serial_undead_d,
          serial_undead_e, serial_undead_e, serial_undead_d, serial_undead_e,
          kennysheep_generic_room_13, uniq_menkaure
D:6:      minmay_spotlight, layout_loops_ring,
          chequers_temple_overflow_statue_of_worship,
          minmay_temple_entry_overgrown, chequers_garden
D:7:      layout_rooms, nemelex_dance_club_becter, serial_shops,
          nicolae_shop_tiny_statue_garden, nrook_mini_vaults,
          uniq_prince_ribbit1
D:8:      layout_basic, makhleb_altar_promises_db, serial_shops, shop,
          serial_rivers, chequers_serial_rivers_micro_d,
          chequers_serial_rivers_small_a, chequers_serial_rivers_room_b,
          chequers_serial_rivers_large_a, chequers_serial_rivers_micro_d,
          chequers_serial_rivers_micro_c, enter_bailey_1, water_boxes_lemuel
D:9:      cheibrodos_wizards_tower, layout_loops_corners, xom_shifter_show,
          minmay_lair_entry_lava, minivault_16
Temple:   hellmonk_temple_divided_pantheon
Abyss:2:  base: D:8, minivault_25_ag, lemuel_flamethrower_hall,
          bh_abyss_exit_spiral, evilmike_abyss_exit_10

Skill      XL: |  1  2  3  4  5  6  7  8  9 10 |
---------------+-------------------------------+-----
Axes           | 3 |  3.9
Shields        | 4 |  4.8
Armour         | 4 |  4.8
Fighting       | 4 5 6 8 10 11 | 11.9
Ranged Weapons | 1 3 4 6 9 11 14 | 14.0

Action                     |  1- 3 |  4- 6 |  7- 9 | 10-12 || total
---------------------------+-------+-------+-------+-------++-------
  Melee: War axe           |    85 |    55 |       |       ||   140
         Headbutt          |    10 |    10 |       |       ||    20
   Fire: Triple crossbow   |       |    15 |   244 |   120 ||   379
    Use: Potion            |       |     4 |     1 |     1 ||     6
         Scroll            |       |       |    17 |    11 ||    28
 Armour: Scale mail        |    54 |    43 |   104 |       ||   201
         Steam dragon scal |       |       |     1 |    23 ||    24
  Dodge: Dodged            |    42 |    45 |   125 |    42 ||   254
  Block: Buckler           |    21 |    16 |       |       ||    37

Table legend: (Time is in decaauts)
 A = Elapsed time spent in this place.
 B = Non-inter-level travel time spent in this place.
 C = Inter-level travel time spent in this place.
 D = Time resting spent in this place.
 E = Time spent auto-exploring this place.
 F = Levels seen in this place.
 G = Mean time per level.
                   A        B        C        D        E       F      G
               +--------+--------+--------+--------+--------+-----+--------+
         Total |   9235 |   8678 |    557 |    414 |   5580 |  13 |  710.4 |
       Dungeon |   7838 |   7313 |    525 |    244 |   5390 |   9 |  870.9 |
        Temple |     36 |      4 |     32 |      0 |      0 |   1 |   36.0 |
         Abyss |    354 |    354 |      0 |      0 |      0 |   1 |  354.0 |
         Sewer |    594 |    594 |      0 |     85 |    189 |   1 |  594.0 |
        Bailey |    412 |    412 |      0 |     85 |      0 |   1 |  412.0 |
               +--------+--------+--------+--------+--------+-----+--------+

Top non-repeatable levels by time:
     D:6: 1211 daAuts
     D:2: 1035 daAuts
     D:8: 1010 daAuts
     D:3: 985 daAuts
     D:4: 974 daAuts
     D:5: 961 daAuts
     D:7: 871 daAuts
     D:1: 722 daAuts
   Sewer: 594 daAuts
  Bailey: 412 daAuts
 Abyss:2: 354 daAuts
     D:9: 65 daAuts
  Temple: 36 daAuts
